Canadiens vs Rangers

Created - 3 novembre 2020 at 20:51

Goals
1 2 3 T
Canadiens 2 1 1 4
Rangers 2 1 0 3
Shots
1 2 3 T
Canadiens 8 8 14 30
Rangers 10 8 6 24

1st period

1. Rangers , Alexander Radulov 4 (Connor McDavid 5) at 0:04
2. Canadiens , Patrick Kane 1 (Teuvo Teravainen 2, Danny DeKeyser 2) at 6:43
3. Canadiens , David Krejci 2 (Ivan Provorov 1, Jakob Silfverberg 2) at 8:20
4. Rangers , Zach Hyman 1 (Alexander Radulov 1, Connor McDavid 6) at 14:36

Penalties :
Cam Fowler (MTL) for Holding (Minor) at 9:37, Karl Alzner (MTL) for Hooking (Minor) at 14:49, Ilya Kovalchuk (MTL) for Tripping (Minor) at 17:28

2nd period

5. Rangers , Connor McDavid 3 (Matt Niskanen 2, Ryan McDonagh 1) at 2:20
6. Canadiens , Auston Matthews 1 (Josh Morrissey 2, Loui Eriksson 1) at 12:00 (SH)

Penalties :
Matt Niskanen (NYR) for Tripping (Minor) at 0:07, Karl Alzner (MTL) for Holding (Minor) at 10:07, Auston Matthews (MTL) for Roughing (Minor) at 16:09, Noel Acciari (NYR) for Roughing (Minor) at 18:11

3rd period

7. Canadiens , Ilya Kovalchuk 1 (David Krejci 2, Cam Fowler 1) at 12:26 (PP)

Penalties :
Alexander Radulov (NYR) for Roughing (Minor) at 5:32, Nate Schmidt (MTL) for Delaying the game (Minor) at 9:22, Noel Acciari (NYR) for Interference (Minor) at 11:25

Goalie Stats

Mackenzie Blackwood (MTL), 21 saves from 24 shots - (0,875), W, 2-0-0, 60:00 minutes
Joonas Korpisalo (NYR), 26 saves from 30 shots - (0,867), L, 0-1-0, 59:29 minutes

Players Stats for Canadiens

Player Name              G  A  P  +/- PIM S  H  SB GA TA FO     MP     PP MP  PK MP  
------------------------------------------------------------------------------------
Artturi Lehkonen         0  0  0  -1  0   1  2  0  0  0  1/3    13:04   0:00   4:21 
Auston Matthews          1  0  1   1  2   2  0  0  0  0  11/17  18:00   3:24   0:29 
Cam Fowler               0  1  1  -1  2   7  2  0  0  0  0/0    24:42   3:52   5:47 
Colin White              0  0  0  -1  0   4  0  0  0  0  2/10    8:23   0:00   0:00 
Danny DeKeyser           0  1  1   1  0   0  1  4  0  0  0/0    16:26   0:00   5:32 
David Krejci             1  1  2   1  0   1  2  0  0  0  18/22  16:46   3:34   0:24 
Ilya Kovalchuk           1  0  1   1  2   1  0  0  0  0  0/0    16:21   3:34   0:00 
Ivan Provorov            0  1  1   0  0   1  5  3  0  0  0/0    26:17   3:06   7:21 
Jakob Silfverberg        0  1  1   1  0   4  1  0  0  0  1/1    20:33   3:34   4:11 
Josh Morrissey           0  1  1   1  0   1  1  0  0  0  0/0    20:15   3:06   1:39 
Karl Alzner              0  0  0   0  4   0  2  1  0  0  0/0    13:30   0:00   2:58 
Loui Eriksson            0  1  1   0  0   1  0  0  0  0  0/0    13:08   0:00   7:19 
Nate Schmidt             0  0  0  -1  2   2  1  0  0  0  0/0    18:46   3:52   0:31 
Nick Shore               0  0  0  -1  0   0  0  0  0  0  12/22  12:39   0:00   6:50 
Patrick Kane             1  0  1   0  0   2  1  0  0  0  1/1    17:52   3:24   0:00 
Teuvo Teravainen         0  1  1   0  0   2  1  0  0  0  0/3    17:32   3:24   0:00 
Tyson Jost               0  0  0  -1  0   0  1  1  0  0  0/1     5:23   0:00   0:14 
Valeri Nichushkin        0  0  0  -1  0   1  0  0  0  0  1/1     8:23   0:00   0:00 

Players Stats for Rangers

Player Name              G  A  P  +/- PIM S  H  SB GA TA FO     MP     PP MP  PK MP  
------------------------------------------------------------------------------------
Alexander Radulov        1  1  2   3  2   3  2  0  0  0  0/0    19:53   6:21   0:00 
Andrew Ladd              0  0  0  -2  0   3  1  0  0  0  0/3    17:00   5:33   0:00 
Brandon Pirri            0  0  0   0  0   0  0  0  0  0  1/4     4:09   0:00   0:00 
Cal Clutterbuck          0  0  0   0  0   2  1  0  0  0  0/0     8:39   0:00   3:58 
Cam Atkinson             0  0  0  -2  0   0  0  0  0  0  1/1    17:20   5:33   0:00 
Connor McDavid           1  2  3   3  0   2  1  0  0  0  11/26  20:20   6:21   0:06 
David Savard             0  0  0   0  0   1  4  5  0  0  0/0    21:44   5:52   3:17 
Devin Shore              0  0  0  -1  0   1  1  0  0  0  1/2    12:53   0:00   1:14 
Dmitry Kulikov           0  0  0   0  0   0  0  0  0  0  0/0    15:14   0:00   1:00 
Erik Cernak              0  0  0   0  0   1  2  2  0  0  0/0    14:14   0:00   0:00 
Matt Niskanen            0  1  1   0  2   1  3  3  0  0  0/0    23:01   6:02   2:41 
Milan Lucic              0  0  0   0  0   0  2  0  0  0  0/1     4:41   0:00   0:00 
Nick Bonino              0  0  0  -1  0   0  0  0  0  0  6/11   14:07   0:00   3:00 
Nick Leddy               0  0  0  -1  0   1  1  4  0  0  0/0    24:01   6:02   3:54 
Noel Acciari             0  0  0  -1  4   0  1  0  0  0  1/1    12:51   0:00   1:46 
Ryan McDonagh            0  1  1   1  0   2  1  4  0  0  0/0    21:45   5:52   3:04 
Vincent Trocheck         0  0  0  -2  0   3  3  1  0  0  12/28  20:52   5:33   3:52 
Zach Hyman               1  0  1   3  0   4  1  0  0  0  1/4    20:14   6:21   0:00 

3 Stars

1 - Connor McDavid (NYR)
2 - David Krejci (MTL)
3 - Alexander Radulov (NYR)

Power Play

Canadiens - 1 on 4 Attempt(s) - 25,00%
Rangers - 0 on 6 Attempt(s) - 0,00%

Penalty Kill

Canadiens - 6 on 6 Attempt(s) - 100,00% - Score 1 goal in Penalty Kill
Rangers - 3 on 4 Attempt(s) - 75,00% - Score 0 goal in Penalty Kill

Team Stat

Canadiens - Hits : 20 - Faceoff Wins : 47 - Blocked Shots : 9 - Penalty Minutes : 12
Rangers - Hits : 24 - Faceoff Wins : 34 - Blocked Shots : 19 - Penalty Minutes : 8

Official

Referees : TJ Luxmore and Kyle Rehman
Linesman : Luke Murray and Brad Kovachik

Game Notes

No Game Note

Finance

Level 1 -- Attendance: 2818 (43,35%) -- Ticket Income 704 500 $
Level 2 -- Attendance: 2257 (45,14%) -- Ticket Income 406 260 $
Level 3 -- Attendance: 1740 (49,71%) -- Ticket Income 208 800 $
Level 4 -- Attendance: 2006 (100,00%) -- Ticket Income 100 300 $
Luxury Box -- Attendance: 513 (51,30%) -- Ticket Income 205 200 $
Game was played at the Madison Square Garden.
Total Attendance: 9334 (51,84%)
Total Ticket Income: 1 625 060 $
Other Income: 796 279 $
Total Income: 2 421 339 $

% Time on Ice - Canadiens

Lines # - Real PCT - Wanted PCT - Time Play
Normal Forward
1 - 35% - 35% - 14:08
2 - 32% - 35% - 12:48
3 - 21% - 20% - 8:23
4 - 13% - 10% - 5:09
Normal Defense
1 - 38% - 38% - 15:30
2 - 36% - 37% - 14:24
3 - 17% - 15% - 6:41
4 - 10% - 10% - 3:53
PP Forward
1 - 49% - 50% - 3:24
2 - 51% - 50% - 3:34
PP Defense
1 - 44% - 50% - 3:06
2 - 56% - 50% - 3:52
PK Forward
1 - 65% - 60% - 7:43
2 - 35% - 40% - 4:11
PK Defense
1 - 62% - 50% - 7:21
2 - 38% - 50% - 4:33
PK3 Forward
1 - 0% - 60%
2 - 0% - 40%
PK3 Defense
1 - 0% - 50%
2 - 0% - 50%
44 Forward
1 - 0% - 60%
2 - 0% - 40%
44 Defense
1 - 0% - 50%
2 - 0% - 50%
Last Minute Offensive  - 0:00
Last Minute Defensive  - 0:40
Total
Forward - 60:00
Defense - 60:00

% Time on Ice - Rangers

Lines # - Real PCT - Wanted PCT - Time Play
Normal Forward
1 - 34% - 36% - 13:33
2 - 28% - 32% - 11:27
3 - 28% - 22% - 11:07
4 - 10% - 10% - 4:09
Normal Defense
1 - 34% - 44% - 13:45
2 - 31% - 33% - 12:35
3 - 34% - 23% - 13:42
4 - 1% - 0% - 0:14
PP Forward
1 - 53% - 60% - 6:21
2 - 47% - 40% - 5:33
PP Defense
1 - 51% - 60% - 6:02
2 - 49% - 40% - 5:52
PK Forward
1 - 57% - 54% - 3:58
2 - 43% - 46% - 3:00
PK Defense
1 - 56% - 54% - 3:54
2 - 44% - 46% - 3:04
PK3 Forward
1 - 0% - 54%
2 - 0% - 46%
PK3 Defense
1 - 0% - 54%
2 - 0% - 46%
44 Forward
1 - 0% - 54%
2 - 0% - 46%
44 Defense
1 - 0% - 54%
2 - 0% - 46%
Last Minute Offensive  - 0:52
Last Minute Defensive  - 0:00
Total
Forward - 60:00
Defense - 60:00

Play-by-Play

1st period


0:01 of 1st period - Connor McDavid wins face-off versus Teuvo Teravainen in neutral zone.
0:04 of 1st period - Shot by Alexander Radulov.
0:04 of 1st period - Goal by Alexander Radulov - Canadiens : 0 - Rangers : 1.
0:05 of 1st period - Vincent Trocheck wins face-off versus David Krejci in neutral zone.
0:14 of 1st period - Shot by Vincent Trocheck.
0:14 of 1st period - Stopped by Mackenzie Blackwood with a rebound.
0:20 of 1st period - Cam Fowler is hit by Vincent Trocheck and loses puck.
0:35 of 1st period - Shot by Jakob Silfverberg.
0:35 of 1st period - Shot Misses the Net.
0:38 of 1st period - Icing by Ryan McDonagh.
0:39 of 1st period - Vincent Trocheck wins face-off versus Auston Matthews in Rangers zone.
2:09 of 1st period - Devin Shore is hit by Artturi Lehkonen.
2:25 of 1st period - Shot by Colin White.
2:25 of 1st period - Stopped by Joonas Korpisalo without a rebound.
2:26 of 1st period - David Krejci wins face-off versus Brandon Pirri in Rangers zone.
2:53 of 1st period - Jakob Silfverberg is hit by Milan Lucic and loses puck.
3:40 of 1st period - Shot by Tyson Jost.
3:40 of 1st period - Deflect By Loui Eriksson.
3:40 of 1st period - Stopped by Joonas Korpisalo without a rebound.
3:41 of 1st period - Colin White wins face-off versus Connor McDavid in Rangers zone.
3:41 of 1st period - Valeri Nichushkin is hit by Matt Niskanen and loses puck.
4:01 of 1st period - Zach Hyman is hit by Ivan Provorov and loses puck.
4:04 of 1st period - Shot by Zach Hyman.
4:04 of 1st period - Stopped by Mackenzie Blackwood without a rebound.
4:05 of 1st period - Cam Atkinson wins face-off versus Teuvo Teravainen in Canadiens zone.
4:36 of 1st period - Shot by Cam Atkinson.
4:36 of 1st period - Deflect By Andrew Ladd.
4:36 of 1st period - Stopped by Mackenzie Blackwood without a rebound.
4:37 of 1st period - David Krejci wins face-off versus Connor McDavid in Canadiens zone.
4:44 of 1st period - Icing by Nick Leddy.
4:45 of 1st period - David Krejci wins face-off versus Zach Hyman in Rangers zone.
5:17 of 1st period - Jakob Silfverberg is hit by Matt Niskanen.
5:19 of 1st period - Shot by Cam Fowler.
5:19 of 1st period - Stopped by Joonas Korpisalo without a rebound.
5:20 of 1st period - Nick Bonino wins face-off versus Colin White in Rangers zone.
5:39 of 1st period - Shot by Ivan Provorov.
5:39 of 1st period - Shot Misses the Net.
5:55 of 1st period - Shot by Colin White.
5:55 of 1st period - Stopped by Joonas Korpisalo with a rebound.
5:57 of 1st period - Shot by Ivan Provorov.
5:57 of 1st period - Shot Blocked by Erik Cernak.
6:31 of 1st period - Shot by Patrick Kane.
6:31 of 1st period - Shot Misses the Net.
6:43 of 1st period - Shot by Patrick Kane.
6:43 of 1st period - Goal by Patrick Kane - Canadiens : 1 - Rangers : 1.
6:44 of 1st period - Vincent Trocheck wins face-off versus Tyson Jost in neutral zone.
6:46 of 1st period - Cam Atkinson is hit by Nate Schmidt and loses puck.
6:56 of 1st period - Nate Schmidt is hit by Vincent Trocheck and loses puck.
7:13 of 1st period - Shot by Cam Atkinson.
7:13 of 1st period - Shot Misses the Net.
7:16 of 1st period - Icing by Cam Fowler.
7:17 of 1st period - Connor McDavid wins face-off versus Nick Shore in Canadiens zone.
7:20 of 1st period - Shot by Zach Hyman.
7:20 of 1st period - Shot Misses the Net.
7:35 of 1st period - Icing by Zach Hyman.
7:36 of 1st period - David Krejci wins face-off versus Connor McDavid in Rangers zone.
7:36 of 1st period - David Krejci is hit by David Savard.
7:42 of 1st period - Shot by Jakob Silfverberg.
7:42 of 1st period - Stopped by Joonas Korpisalo without a rebound.
7:43 of 1st period - David Krejci wins face-off versus Vincent Trocheck in Rangers zone.
7:47 of 1st period - David Krejci is hit by Matt Niskanen and loses puck.
8:20 of 1st period - Shot by David Krejci.
8:20 of 1st period - Goal by David Krejci - Canadiens : 2 - Rangers : 1.
8:21 of 1st period - Patrick Kane wins face-off versus Connor McDavid in neutral zone.
8:26 of 1st period - Shot by Auston Matthews.
8:26 of 1st period - Shot Misses the Net.
8:38 of 1st period - Shot by Teuvo Teravainen.
8:38 of 1st period - Stopped by Joonas Korpisalo without a rebound.
8:39 of 1st period - Valeri Nichushkin wins face-off versus Nick Bonino in Rangers zone.
8:47 of 1st period - Nate Schmidt is hit by Erik Cernak and loses puck.
8:51 of 1st period - Icing by Erik Cernak.
8:52 of 1st period - Nick Bonino wins face-off versus Auston Matthews in Rangers zone.
8:52 of 1st period - Nick Bonino is hit by Patrick Kane.
9:06 of 1st period - Shot by Noel Acciari.
9:06 of 1st period - Shot Misses the Net.
9:08 of 1st period - Shot by Erik Cernak.
9:08 of 1st period - Stopped by Mackenzie Blackwood without a rebound.
9:09 of 1st period - David Krejci wins face-off versus Connor McDavid in Canadiens zone.
9:21 of 1st period - Jakob Silfverberg is hit by Alexander Radulov and loses puck.
9:26 of 1st period - Shot by Zach Hyman.
9:26 of 1st period - Shot Misses the Net.
9:37 of 1st period - Minor Penalty to Cam Fowler for Holding.
9:38 of 1st period - Nick Shore wins face-off versus Vincent Trocheck in Canadiens zone.
9:57 of 1st period - Shot by Andrew Ladd.
9:57 of 1st period - Shot Misses the Net.
10:08 of 1st period - Off-side.
10:09 of 1st period - Nick Shore wins face-off versus Connor McDavid in neutral zone.
10:15 of 1st period - Icing by Matt Niskanen.
10:16 of 1st period - Connor McDavid wins face-off versus Nick Shore in Rangers zone.
10:57 of 1st period - Shot by Connor McDavid.
10:57 of 1st period - Shot Misses the Net.
12:22 of 1st period - Icing by Nate Schmidt.
12:23 of 1st period - Auston Matthews wins face-off versus Milan Lucic in Canadiens zone.
12:23 of 1st period - Auston Matthews is hit by Milan Lucic.
12:38 of 1st period - Matt Niskanen is hit by Danny DeKeyser and loses puck.
12:55 of 1st period - Shot by Milan Lucic.
12:55 of 1st period - Shot Misses the Net.
13:45 of 1st period - Shot by Valeri Nichushkin.
13:45 of 1st period - Shot Misses the Net.
13:51 of 1st period - Shot by Artturi Lehkonen.
13:51 of 1st period - Deflect By Colin White.
13:51 of 1st period - Shot Misses the Net.
14:12 of 1st period - Icing by Cam Fowler.
14:13 of 1st period - Nick Shore wins face-off versus Connor McDavid in Canadiens zone.
14:36 of 1st period - Shot by Zach Hyman.
14:36 of 1st period - Goal by Zach Hyman - Canadiens : 2 - Rangers : 2.
14:37 of 1st period - Noel Acciari wins face-off versus David Krejci in neutral zone.
14:49 of 1st period - Minor Penalty to Karl Alzner for Hooking.
14:50 of 1st period - Connor McDavid wins face-off versus Nick Shore in Canadiens zone.
14:52 of 1st period - Matt Niskanen is hit by Ivan Provorov and loses puck.
14:59 of 1st period - Shot by Alexander Radulov.
14:59 of 1st period - Stopped by Mackenzie Blackwood without a rebound.
15:00 of 1st period - Nick Shore wins face-off versus Connor McDavid in Canadiens zone.
15:23 of 1st period - Shot by Connor McDavid.
15:23 of 1st period - Stopped by Mackenzie Blackwood without a rebound.
15:24 of 1st period - Vincent Trocheck wins face-off versus Nick Shore in Canadiens zone.
15:35 of 1st period - Shot by Ryan McDonagh.
15:35 of 1st period - Stopped by Mackenzie Blackwood without a rebound.
15:36 of 1st period - Connor McDavid wins face-off versus Nick Shore in Canadiens zone.
15:45 of 1st period - Shot by Connor McDavid.
15:45 of 1st period - Shot Blocked by Ivan Provorov.
15:47 of 1st period - Shot by Nick Leddy.
15:47 of 1st period - Stopped by Mackenzie Blackwood without a rebound.
15:48 of 1st period - Nick Shore wins face-off versus Vincent Trocheck in Canadiens zone.
15:48 of 1st period - Ivan Provorov is hit by Andrew Ladd.
16:36 of 1st period - Jakob Silfverberg is hit by Vincent Trocheck and loses puck.
17:02 of 1st period - Teuvo Teravainen is hit by Erik Cernak and loses puck.
17:21 of 1st period - Shot by Teuvo Teravainen.
17:21 of 1st period - Shot Misses the Net.
17:28 of 1st period - Minor Penalty to Ilya Kovalchuk for Tripping.
17:29 of 1st period - Nick Shore wins face-off versus Connor McDavid in Canadiens zone.
18:23 of 1st period - Icing by Andrew Ladd.
18:24 of 1st period - Vincent Trocheck wins face-off versus Nick Shore in Rangers zone.
19:01 of 1st period - Icing by Ryan McDonagh.
19:02 of 1st period - Nick Shore wins face-off versus Andrew Ladd in Rangers zone.
Goals for this period are 2 for Canadiens vs 2 for Rangers.
Shots for this period are 8 for Canadiens vs 10 for Rangers.

2nd period


0:01 of 2nd period - David Krejci wins face-off versus Connor McDavid in neutral zone.
0:07 of 2nd period - Minor Penalty to Matt Niskanen for Tripping.
0:08 of 2nd period - Auston Matthews wins face-off versus Vincent Trocheck in Rangers zone.
0:25 of 2nd period - Shot by Patrick Kane.
0:25 of 2nd period - Shot Misses the Net.
0:52 of 2nd period - Nick Bonino is hit by Ivan Provorov and loses puck.
1:45 of 2nd period - Nick Leddy is hit by Jakob Silfverberg and loses puck.
1:50 of 2nd period - Shot by Cam Fowler.
1:50 of 2nd period - Stopped by Joonas Korpisalo with a rebound.
1:52 of 2nd period - Shot by Cam Fowler.
1:52 of 2nd period - Stopped by Joonas Korpisalo without a rebound.
1:53 of 2nd period - David Krejci wins face-off versus Vincent Trocheck in Rangers zone.
1:56 of 2nd period - Shot by Cam Fowler.
1:56 of 2nd period - Shot Misses the Net.
2:06 of 2nd period - Shot by David Krejci.
2:06 of 2nd period - Shot Blocked by Ryan McDonagh.
2:18 of 2nd period - Shot by Connor McDavid.
2:18 of 2nd period - Shot Misses the Net.
2:20 of 2nd period - Shot by Connor McDavid.
2:20 of 2nd period - Goal by Connor McDavid - Canadiens : 2 - Rangers : 3.
2:21 of 2nd period - Connor McDavid wins face-off versus Nick Shore in neutral zone.
2:30 of 2nd period - Shot by Alexander Radulov.
2:30 of 2nd period - Stopped by Mackenzie Blackwood without a rebound.
2:31 of 2nd period - Nick Bonino wins face-off versus Colin White in Canadiens zone.
2:40 of 2nd period - Shot by Valeri Nichushkin.
2:40 of 2nd period - Shot Blocked by David Savard.
2:42 of 2nd period - Shot by Nate Schmidt.
2:42 of 2nd period - Shot Blocked by David Savard.
3:00 of 2nd period - Icing by Nick Bonino.
3:01 of 2nd period - Jakob Silfverberg wins face-off versus Nick Bonino in Rangers zone.
3:04 of 2nd period - Shot by Ilya Kovalchuk.
3:04 of 2nd period - Shot Misses the Net.
3:20 of 2nd period - Shot by David Krejci.
3:20 of 2nd period - Shot Misses the Net.
3:29 of 2nd period - Ryan McDonagh is hit by Josh Morrissey and loses puck.
3:49 of 2nd period - Alexander Radulov is hit by Ivan Provorov and loses puck.
5:26 of 2nd period - Shot by Colin White.
5:26 of 2nd period - Deflect By Valeri Nichushkin.
5:26 of 2nd period - Shot Misses the Net.
5:28 of 2nd period - Shot by Valeri Nichushkin.
5:28 of 2nd period - Shot Misses the Net.
5:32 of 2nd period - Shot by Colin White.
5:32 of 2nd period - Stopped by Joonas Korpisalo without a rebound.
5:33 of 2nd period - Nick Shore wins face-off versus Devin Shore in Rangers zone.
5:46 of 2nd period - Noel Acciari is hit by Tyson Jost and loses puck.
6:16 of 2nd period - Off-side.
6:17 of 2nd period - Connor McDavid wins face-off versus Colin White in neutral zone.
6:35 of 2nd period - Icing by Artturi Lehkonen.
6:36 of 2nd period - Vincent Trocheck wins face-off versus Colin White in Canadiens zone.
7:09 of 2nd period - Off-side.
7:10 of 2nd period - David Krejci wins face-off versus Connor McDavid in neutral zone.
7:21 of 2nd period - Shot by Jakob Silfverberg.
7:21 of 2nd period - Stopped by Joonas Korpisalo with a rebound.
7:39 of 2nd period - Connor McDavid is hit by Cam Fowler and loses puck.
7:42 of 2nd period - Shot by Zach Hyman.
7:42 of 2nd period - Shot Misses the Net.
7:44 of 2nd period - Shot by Nick Leddy.
7:44 of 2nd period - Shot Misses the Net.
8:06 of 2nd period - Teuvo Teravainen is hit by Zach Hyman and loses puck.
8:29 of 2nd period - Shot by Andrew Ladd.
8:29 of 2nd period - Stopped by Mackenzie Blackwood without a rebound.
8:30 of 2nd period - Brandon Pirri wins face-off versus Colin White in Canadiens zone.
8:30 of 2nd period - Cal Clutterbuck is hit by Ivan Provorov and loses puck.
8:49 of 2nd period - Shot by Cal Clutterbuck.
8:49 of 2nd period - Shot Misses the Net.
8:51 of 2nd period - Shot by Dmitry Kulikov.
8:51 of 2nd period - Shot Misses the Net.
8:53 of 2nd period - Shot by Cal Clutterbuck.
8:53 of 2nd period - Stopped by Mackenzie Blackwood with a rebound.
9:09 of 2nd period - Erik Cernak is hit by Artturi Lehkonen and loses puck.
9:13 of 2nd period - Icing by Milan Lucic.
9:14 of 2nd period - Auston Matthews wins face-off versus Brandon Pirri in Rangers zone.
10:07 of 2nd period - Minor Penalty to Karl Alzner for Holding.
10:08 of 2nd period - Zach Hyman wins face-off versus Nick Shore in Canadiens zone.
10:23 of 2nd period - Shot by Connor McDavid.
10:23 of 2nd period - Shot Blocked by Ivan Provorov.
10:25 of 2nd period - Shot by Ryan McDonagh.
10:25 of 2nd period - Stopped by Mackenzie Blackwood with a rebound.
10:27 of 2nd period - Shot by David Savard.
10:27 of 2nd period - Shot Misses the Net.
10:29 of 2nd period - Shot by Zach Hyman.
10:29 of 2nd period - Shot Misses the Net.
11:27 of 2nd period - Shot by Vincent Trocheck.
11:27 of 2nd period - Shot Misses the Net.
11:29 of 2nd period - Shot by Andrew Ladd.
11:29 of 2nd period - Stopped by Mackenzie Blackwood without a rebound.
11:30 of 2nd period - Vincent Trocheck wins face-off versus Artturi Lehkonen in Canadiens zone.
12:00 of 2nd period - Shot by Auston Matthews.
12:00 of 2nd period - Goal by Auston Matthews - Canadiens : 3 - Rangers : 3.
12:01 of 2nd period - Artturi Lehkonen wins face-off versus Connor McDavid in neutral zone.
12:16 of 2nd period - Shot by Jakob Silfverberg.
12:16 of 2nd period - Deflect By Ilya Kovalchuk.
12:16 of 2nd period - Shot Misses the Net.
12:18 of 2nd period - Shot by Jakob Silfverberg.
12:18 of 2nd period - Shot Misses the Net.
12:25 of 2nd period - Icing by Dmitry Kulikov.
12:26 of 2nd period - Devin Shore wins face-off versus Auston Matthews in Rangers zone.
13:01 of 2nd period - Patrick Kane is hit by Noel Acciari and loses puck.
13:51 of 2nd period - Ilya Kovalchuk is hit by Connor McDavid and loses puck.
14:17 of 2nd period - Icing by Nick Leddy.
14:18 of 2nd period - Connor McDavid wins face-off versus Nick Shore in Rangers zone.
14:41 of 2nd period - Loui Eriksson is hit by Alexander Radulov and loses puck.
15:19 of 2nd period - Icing by David Savard.
15:20 of 2nd period - David Krejci wins face-off versus Vincent Trocheck in Rangers zone.
15:26 of 2nd period - Ilya Kovalchuk is hit by David Savard and loses puck.
15:32 of 2nd period - Icing by Ryan McDonagh.
15:33 of 2nd period - Vincent Trocheck wins face-off versus Auston Matthews in Rangers zone.
15:44 of 2nd period - Shot by Vincent Trocheck.
15:44 of 2nd period - Stopped by Mackenzie Blackwood with a rebound.
16:09 of 2nd period - Minor Penalty to Auston Matthews for Roughing.
16:10 of 2nd period - Nick Shore wins face-off versus Connor McDavid in Canadiens zone.
16:30 of 2nd period - Shot by Cam Fowler.
16:30 of 2nd period - Shot Blocked by Matt Niskanen.
17:50 of 2nd period - Shot by Connor McDavid.
17:50 of 2nd period - Shot Misses the Net.
17:52 of 2nd period - Shot by Matt Niskanen.
17:52 of 2nd period - Shot Blocked by Tyson Jost.
17:54 of 2nd period - Shot by Matt Niskanen.
17:54 of 2nd period - Stopped by Mackenzie Blackwood without a rebound.
17:55 of 2nd period - Vincent Trocheck wins face-off versus Nick Shore in Canadiens zone.
18:11 of 2nd period - Minor Penalty to Noel Acciari for Roughing.
18:12 of 2nd period - David Krejci wins face-off versus Nick Bonino in Rangers zone.
18:21 of 2nd period - Shot by Cam Fowler.
18:21 of 2nd period - Stopped by Joonas Korpisalo without a rebound.
18:22 of 2nd period - Auston Matthews wins face-off versus Vincent Trocheck in Rangers zone.
18:22 of 2nd period - Patrick Kane is hit by Nick Leddy and loses puck.
18:47 of 2nd period - Shot by Auston Matthews.
18:47 of 2nd period - Shot Blocked by Matt Niskanen.
18:49 of 2nd period - Shot by Josh Morrissey.
18:49 of 2nd period - Shot Misses the Net.
19:15 of 2nd period - Shot by Cam Fowler.
19:15 of 2nd period - Shot Misses the Net.
19:17 of 2nd period - Shot by Cam Fowler.
19:17 of 2nd period - Stopped by Joonas Korpisalo with a rebound.
19:19 of 2nd period - Shot by Nate Schmidt.
19:19 of 2nd period - Shot Blocked by David Savard.
19:21 of 2nd period - Shot by Jakob Silfverberg.
19:21 of 2nd period - Shot Blocked by David Savard.
19:23 of 2nd period - Shot by Nate Schmidt.
19:23 of 2nd period - Stopped by Joonas Korpisalo without a rebound.
19:24 of 2nd period - David Krejci wins face-off versus Nick Bonino in Rangers zone.
19:41 of 2nd period - Shot by Cam Fowler.
19:41 of 2nd period - Shot Misses the Net.
19:43 of 2nd period - Shot by Nate Schmidt.
19:43 of 2nd period - Shot Misses the Net.
Goals for this period are 1 for Canadiens vs 1 for Rangers.
Shots for this period are 8 for Canadiens vs 8 for Rangers.

3rd period


0:01 of 3rd period - David Krejci wins face-off versus Vincent Trocheck in neutral zone.
0:01 of 3rd period - David Krejci is hit by Cal Clutterbuck.
0:07 of 3rd period - Shot by Nate Schmidt.
0:07 of 3rd period - Shot Misses the Net.
0:33 of 3rd period - Shot by Teuvo Teravainen.
0:33 of 3rd period - Shot Misses the Net.
0:35 of 3rd period - Shot by Auston Matthews.
0:35 of 3rd period - Stopped by Joonas Korpisalo without a rebound.
0:36 of 3rd period - David Krejci wins face-off versus Andrew Ladd in Rangers zone.
0:44 of 3rd period - Off-side.
0:45 of 3rd period - Vincent Trocheck wins face-off versus David Krejci in neutral zone.
1:35 of 3rd period - Cam Fowler is hit by David Savard and loses puck.
1:45 of 3rd period - Cam Fowler is hit by Ryan McDonagh.
2:07 of 3rd period - Icing by Connor McDavid.
2:08 of 3rd period - Auston Matthews wins face-off versus Zach Hyman in Rangers zone.
2:09 of 3rd period - Shot by Teuvo Teravainen.
2:09 of 3rd period - Shot Blocked by David Savard.
2:54 of 3rd period - Shot by Nick Bonino.
2:54 of 3rd period - Shot Blocked by Ivan Provorov.
3:25 of 3rd period - Shot by Artturi Lehkonen.
3:25 of 3rd period - Stopped by Joonas Korpisalo with a rebound.
3:41 of 3rd period - Karl Alzner is hit by Devin Shore.
4:04 of 3rd period - Icing by Cam Fowler.
4:05 of 3rd period - Nick Shore wins face-off versus Vincent Trocheck in Canadiens zone.
5:32 of 3rd period - Minor Penalty to Alexander Radulov for Roughing.
5:33 of 3rd period - Auston Matthews wins face-off versus Vincent Trocheck in Rangers zone.
5:36 of 3rd period - Shot by Cam Fowler.
5:36 of 3rd period - Stopped by Joonas Korpisalo without a rebound.
5:37 of 3rd period - Auston Matthews wins face-off versus Vincent Trocheck in Rangers zone.
6:00 of 3rd period - Shot by Nate Schmidt.
6:00 of 3rd period - Stopped by Joonas Korpisalo without a rebound.
6:01 of 3rd period - David Krejci wins face-off versus Vincent Trocheck in Rangers zone.
6:06 of 3rd period - Shot by David Krejci.
6:06 of 3rd period - Shot Misses the Net.
6:08 of 3rd period - Shot by Josh Morrissey.
6:08 of 3rd period - Shot Blocked by Ryan McDonagh.
6:10 of 3rd period - Shot by Ivan Provorov.
6:10 of 3rd period - Stopped by Joonas Korpisalo without a rebound.
6:11 of 3rd period - Nick Bonino wins face-off versus Teuvo Teravainen in Rangers zone.
6:11 of 3rd period - Nick Bonino is hit by Teuvo Teravainen.
6:25 of 3rd period - Shot by Josh Morrissey.
6:25 of 3rd period - Stopped by Joonas Korpisalo without a rebound.
6:26 of 3rd period - Vincent Trocheck wins face-off versus David Krejci in Rangers zone.
6:26 of 3rd period - Ryan McDonagh is hit by David Krejci and loses puck.
7:44 of 3rd period - Shot by Colin White.
7:44 of 3rd period - Deflect By Valeri Nichushkin.
7:44 of 3rd period - Stopped by Joonas Korpisalo without a rebound.
7:45 of 3rd period - Auston Matthews wins face-off versus Brandon Pirri in Rangers zone.
7:46 of 3rd period - Shot by Patrick Kane.
7:46 of 3rd period - Shot Misses the Net.
7:56 of 3rd period - Shot by Cal Clutterbuck.
7:56 of 3rd period - Stopped by Mackenzie Blackwood with a rebound.
7:58 of 3rd period - Shot by Cal Clutterbuck.
7:58 of 3rd period - Shot Misses the Net.
8:00 of 3rd period - Shot by David Savard.
8:00 of 3rd period - Stopped by Mackenzie Blackwood without a rebound.
8:01 of 3rd period - Connor McDavid wins face-off versus Colin White in Canadiens zone.
8:06 of 3rd period - Shot by Zach Hyman.
8:06 of 3rd period - Stopped by Mackenzie Blackwood without a rebound.
8:07 of 3rd period - Auston Matthews wins face-off versus Connor McDavid in Canadiens zone.
8:47 of 3rd period - Shot by Teuvo Teravainen.
8:47 of 3rd period - Stopped by Joonas Korpisalo without a rebound.
8:48 of 3rd period - David Krejci wins face-off versus Vincent Trocheck in Rangers zone.
8:48 of 3rd period - Cam Fowler is hit by David Savard and loses puck.
9:06 of 3rd period - Cam Atkinson is hit by Cam Fowler and loses puck.
9:22 of 3rd period - Minor Penalty to Nate Schmidt for Delaying the game.
9:23 of 3rd period - Nick Shore wins face-off versus Connor McDavid in Canadiens zone.
10:10 of 3rd period - Shot by Andrew Ladd.
10:10 of 3rd period - Shot Blocked by Danny DeKeyser.
10:12 of 3rd period - Shot by Andrew Ladd.
10:12 of 3rd period - Deflect By Vincent Trocheck.
10:12 of 3rd period - Stopped by Mackenzie Blackwood without a rebound.
10:13 of 3rd period - Vincent Trocheck wins face-off versus Artturi Lehkonen in Canadiens zone.
10:13 of 3rd period - Cam Atkinson is hit by Karl Alzner and loses puck.
10:18 of 3rd period - Shot by Vincent Trocheck.
10:18 of 3rd period - Shot Blocked by Karl Alzner.
10:28 of 3rd period - Shot by Ryan McDonagh.
10:28 of 3rd period - Shot Misses the Net.
11:09 of 3rd period - Shot by Matt Niskanen.
11:09 of 3rd period - Shot Misses the Net.
11:11 of 3rd period - Shot by Matt Niskanen.
11:11 of 3rd period - Shot Misses the Net.
11:25 of 3rd period - Minor Penalty to Noel Acciari for Interference.
11:26 of 3rd period - Auston Matthews wins face-off versus Vincent Trocheck in Rangers zone.
11:53 of 3rd period - Shot by Patrick Kane.
11:53 of 3rd period - Stopped by Joonas Korpisalo without a rebound.
11:54 of 3rd period - David Krejci wins face-off versus Nick Bonino in Rangers zone.
11:55 of 3rd period - Shot by Nate Schmidt.
11:55 of 3rd period - Shot Blocked by Nick Leddy.
12:19 of 3rd period - Ryan McDonagh is hit by David Krejci and loses puck.
12:26 of 3rd period - Shot by Ilya Kovalchuk.
12:26 of 3rd period - Goal by Ilya Kovalchuk - Canadiens : 4 - Rangers : 3.
12:27 of 3rd period - Connor McDavid wins face-off versus Auston Matthews in neutral zone.
12:42 of 3rd period - Shot by Connor McDavid.
12:42 of 3rd period - Shot Blocked by Danny DeKeyser.
12:54 of 3rd period - Shot by Connor McDavid.
12:54 of 3rd period - Shot Blocked by Danny DeKeyser.
12:56 of 3rd period - Shot by Zach Hyman.
12:56 of 3rd period - Shot Blocked by Danny DeKeyser.
12:58 of 3rd period - Shot by Alexander Radulov.
12:58 of 3rd period - Shot Misses the Net.
13:00 of 3rd period - Shot by Erik Cernak.
13:00 of 3rd period - Shot Misses the Net.
13:02 of 3rd period - Shot by Zach Hyman.
13:02 of 3rd period - Stopped by Mackenzie Blackwood without a rebound.
13:03 of 3rd period - Nick Bonino wins face-off versus Colin White in Canadiens zone.
13:06 of 3rd period - Shot by Noel Acciari.
13:06 of 3rd period - Shot Misses the Net.
13:20 of 3rd period - Shot by Colin White.
13:20 of 3rd period - Stopped by Joonas Korpisalo without a rebound.
13:21 of 3rd period - David Krejci wins face-off versus Andrew Ladd in Rangers zone.
13:32 of 3rd period - Shot by Cam Fowler.
13:32 of 3rd period - Shot Blocked by Ryan McDonagh.
13:34 of 3rd period - Shot by Cam Fowler.
13:34 of 3rd period - Shot Misses the Net.
13:36 of 3rd period - Shot by Jakob Silfverberg.
13:36 of 3rd period - Stopped by Joonas Korpisalo with a rebound.
13:38 of 3rd period - Shot by Cam Fowler.
13:38 of 3rd period - Shot Blocked by Ryan McDonagh.
13:40 of 3rd period - Shot by Jakob Silfverberg.
13:40 of 3rd period - Deflect By Ilya Kovalchuk.
13:40 of 3rd period - Shot Misses the Net.
13:54 of 3rd period - Shot by David Krejci.
13:54 of 3rd period - Shot Blocked by Vincent Trocheck.
13:56 of 3rd period - Shot by Cam Fowler.
13:56 of 3rd period - Stopped by Joonas Korpisalo without a rebound.
13:57 of 3rd period - Connor McDavid wins face-off versus Auston Matthews in Rangers zone.
14:46 of 3rd period - Icing by Josh Morrissey.
14:47 of 3rd period - Auston Matthews wins face-off versus Vincent Trocheck in Canadiens zone.
15:31 of 3rd period - Shot by Ilya Kovalchuk.
15:31 of 3rd period - Shot Misses the Net.
15:33 of 3rd period - Shot by Cam Fowler.
15:33 of 3rd period - Shot Misses the Net.
15:35 of 3rd period - Shot by Jakob Silfverberg.
15:35 of 3rd period - Stopped by Joonas Korpisalo without a rebound.
15:36 of 3rd period - Nick Bonino wins face-off versus Colin White in Rangers zone.
15:40 of 3rd period - Noel Acciari is hit by Karl Alzner and loses puck.
15:43 of 3rd period - Shot by Noel Acciari.
15:43 of 3rd period - Shot Misses the Net.
15:59 of 3rd period - Shot by Valeri Nichushkin.
15:59 of 3rd period - Shot Misses the Net.
16:13 of 3rd period - Shot by Danny DeKeyser.
16:13 of 3rd period - Shot Blocked by Erik Cernak.
17:16 of 3rd period - Shot by Jakob Silfverberg.
17:16 of 3rd period - Shot Blocked by Matt Niskanen.
17:18 of 3rd period - Shot by Jakob Silfverberg.
17:18 of 3rd period - Shot Blocked by Nick Leddy.
17:20 of 3rd period - Shot by Nate Schmidt.
17:20 of 3rd period - Shot Blocked by Nick Leddy.
17:31 of 3rd period - Shot by Jakob Silfverberg.
17:31 of 3rd period - Shot Misses the Net.
17:39 of 3rd period - Shot by David Krejci.
17:39 of 3rd period - Shot Blocked by Nick Leddy.
18:34 of 3rd period - Icing by Ryan McDonagh.
18:35 of 3rd period - Colin White wins face-off versus Vincent Trocheck in Rangers zone.
18:36 of 3rd period - Shot by Josh Morrissey.
18:36 of 3rd period - Shot Misses the Net.
19:29 of 3rd period - Rangers, Joonas Korpisalo is pulled from the net.
19:37 of 3rd period - Shot by Milan Lucic.
19:37 of 3rd period - Shot Misses the Net.
19:39 of 3rd period - Shot by Devin Shore.
19:39 of 3rd period - Stopped by Mackenzie Blackwood without a rebound.
19:40 of 3rd period - Nick Shore wins face-off versus Zach Hyman in Canadiens zone.
19:47 of 3rd period - Shot by Cam Fowler.
19:47 of 3rd period - Shot Misses the Net.
Goals for this period are 1 for Canadiens vs 0 for Rangers.
Shots for this period are 14 for Canadiens vs 6 for Rangers.